 Dungeon Sprint DCSS version 0.32-a0-411-g744942f433 (webtiles) character file.

Game seed: 6082121611741674455

48 shadowstone the Fighter (level 7, -5/63 HPs)
             Began as a Coglin Fighter on Feb 20, 2024.
             Was a Priest of Qazlal.
             Slain by a fire elemental (10 damage)
             ... in the Dungeon (Sprint VI: "Thunderdome").
             The game lasted 00:07:28 (447 turns).

shadowstone the Fighter (Coglin Fighter)             Turns: 447, Time: 00:07:29

Health: -5/63      AC:  8    Str: 18    XL:     7   Next: 63%
Magic:  7/7        EV: 11    Int:  8    God:    Qazlal [***...]
Gold:   175        SH:  4    Dex: 13    Spells: 6/6 levels left

rFire   . . .        a - +0 war axe {Iseul}
rCold   . . .        o - +0 hand cannon {Yolanda}
rNeg    . . .        b - +0 scale mail
rPois   .            (no helmet)
rElec   .            (no cloak)
rCorr   .            (no gloves)
SInv    .            (no boots)
Will    .....        (no amulet) Stlth
                     (no ring)
HPRegen 0.30/turn    (no ring)
MPRegen 0.10/turn

%: no teleportation
@: immotile, revved
A: off-hand wielding, slow wielding, warmup strikes, legs shutdown
a: Renounce Religion, Upheaval, Elemental Force


You were in the Dungeon.
You worshipped Qazlal.
Qazlal was most pleased with you.
You visited 1 branch You collected 280 gold pieces.
You spent 105 gold pieces at shops.

Inventory:

Hand Weapons
 a - a +0 war axe (weapon) {Iseul}
 o - a +0 hand cannon (offhand) {Yolanda}
Armour
 b - a +0 scale mail (worn)
 c - a +0 buckler
Scrolls
 j - 4 scrolls of blinking
 n - 2 scrolls of fog
Potions
 d - a potion of might
 e - a potion of curing
 f - 4 potions of heal wounds
 g - 4 potions of haste
 h - 2 potions of magic
 i - a potion of berserk rage
 k - a potion of resistance


   Skills:
 + Level 8.4 Fighting
 + Level 8.1 Axes
 + Level 7.3 Armour
 + Level 3.3 Dodging
 + Level 6.1 Shields
 + Level 4.3 Evocations


You had 6 spell levels left.
You didn't know any spells.
Your spell library was empty.

Dungeon Overview and Level Annotations

Branches:
Dungeon (1/1)

Altars:
Cheibriados
Dithmenos
Fedhas
Gozag
Kikubaaqudgha
Makhleb
Okawaru
Qazlal
Ru
Sif Muna
Trog
Uskayaw
Vehumet
Wu Jian
Xom
Yredelemnul
Zin
The Shining One
Beogh
Lugonu

Shops:
D *[=??*?*:[((!!!!


Innate Abilities, Weirdness & Mutations

You can wield a second weapon in your off-hand.
It takes a long time for you to wield or remove held weapons.
Your first few attacks do less damage.
Attacking and casting redirects power from your legs.


Message History

Orders for allies: a - Attack new target. r - Retreat! s - Stop attacking. g - Guard the area. f - Follow me.
Anything else - Cancel.
You shout for attention!
The fire bat barely misses you. The fire bat bites you.
You are engulfed in flames!
The fire bat bites you but does no damage.
The fire bat barely misses you. The fire bat barely misses you.
A fire elemental comes into view.
You clumsily bash the fire bat but do no damage.
You miss the fire bat with your +0 war axe.
The fire bat bites you.
You are engulfed in flames!
The fire bat bites you.
You are engulfed in flames.
* * * LOW HITPOINT WARNING * * *
You hit the fire bat but do no damage.
You miss the fire bat with your +0 hand cannon.
The fire bat bites you but does no damage.
You cannot move.
You cannot move.
As you read the scroll of fog, it dissolves into smoke.
You are no longer unable to travel.
The fire bat closely misses you.
You closely miss the fire bat with your +0 hand cannon.
You miss the fire bat with your +0 war axe.
The fire bat bites you but does no damage.
Unknown command.
You clumsily bash the fire elemental but do no damage.
You barely miss the fire elemental with your +0 war axe.
The fire elemental hits you. The fire elemental burns you!
* * * LOW HITPOINT WARNING * * *
Unknown command.
You hit the fire elemental with your +0 war axe.
The fire elemental is lightly damaged.
You barely miss the fire bat with your +0 war axe.
You barely miss the fire elemental with your +0 hand cannon.
The fire bat closely misses you. The fire elemental barely misses you.
The fire elemental hits you. The fire elemental burns you!
You die...

#_......._# #........_#
#_........# ###.÷.......###
#⌠§..........⌠#
######.ߧ§.......ß.######
##∩___..§§§b###......__.∩##
###∩.....÷§§ß§# #.ß........∩#
##.........§E@§###............
#⌠.......†§§###...###.........
#⌠........○.# #.<.# #.........
#⌠......○☼..###...###.........
##.............###............
###∩........ß.# #.ß........∩#
##∩_☼_......###......___∩##
######.ß.........ß.######
#⌠...........⌠#


You could see a fire elemental and a fire bat.

Vanquished Creatures
  A fire bat (D)
  2 fire elementals (D)
  3 scorpions (D)
  2 killer bees (D)
  A river rat (D)
  3 quokkas (D)
  A rat (D)
13 creatures vanquished.

Notes
Turn   | Place    | Note
-------+----------+-------------------------------------------
     0 | D        | shadowstone the Coglin Fighter began the quest for the Orb.
     0 | D        | Reached XP level 1. HP: 18/18 MP: 1/1
     5 | D        | Round 1.
     6 | D        | Found a shimmering altar of Xom.
     7 | D        | Found a sacrificial altar of Ru.
     7 | D        | Found a burning altar of Makhleb.
     8 | D        | Found an iron altar of Okawaru.
     8 | D        | Found a stormy altar of Qazlal.
     9 | D        | Found a radiant altar of Vehumet.
     9 | D        | Found Peirat's Staff Store.
     9 | D        | Found Qeblofuv's Magic Scroll Shop.
    10 | D        | Found Zaismatt's Must-Have Magic.
    10 | D        | Found Juysomyo's Magic Scroll Shop.
    16 | D        | Found a blossoming altar of Fedhas.
    22 | D        | Became a worshipper of Qazlal Stormbringer
    31 | D        | Reached XP level 2. HP: 15/25 MP: 2/2
    53 | D        | Found a bloodstained altar of Trog.
    55 | D        | Reached * piety under Qazlal
    63 | D        | Found a snail-covered altar of Cheibriados.
   103 | D        | Found Sypsepsa's Timeless Talismans.
   104 | D        | Found Dumutall's Jewellery.
   104 | D        | Found Wootrih's Advanced Armour.
   105 | D        | Found a shadowy altar of Dithmenos.
   105 | D        | Found an opulent altar of Gozag.
   105 | D        | Found a corrupted altar of Lugonu.
   105 | D        | Found Ces Ygoc's Identification Station.
   108 | D        | Arena points: 12 (+12) [x2]
   132 | D        | Found an ornate altar of the Wu Jian Council.
   134 | D        | Found a roughly hewn altar of Beogh.
   138 | D        | Found Neak's Premium Goods.
   138 | D        | Found Gael's Miscellaneous Merchandise.
   139 | D        | Found Jalufo's Basic Armour.
   140 | D        | Found a glowing silver altar of Zin.
   140 | D        | Found an ancient bone altar of Kikubaaqudgha.
   140 | D        | Found a hide-covered altar of Uskayaw.
   140 | D        | Found Noqorit's Weapon Rack.
   157 | D        | Bought a +0 hand cannon for 105 gold pieces
   164 | D        | Round 2.
   192 | D        | Noticed a scorpion
   197 | D        | Killed a scorpion
   197 | D        | Reached ** piety under Qazlal
   198 | D        | Reached skill level 5 in Fighting
   198 | D        | Reached XP level 3. HP: 33/33 MP: 3/3
   198 | D        | Reached XP level 4. HP: 39/39 MP: 4/4
   203 | D        | Reached skill level 5 in Armour
   203 | D        | Reached skill level 1 in Dodging
   203 | D        | Reached skill level 1 in Evocations
   203 | D        | Reached XP level 5. HP: 44/44 MP: 5/5
   223 | D        | Reached skill level 5 in Axes
   241 | D        | Found Ruaqeot's Distillery.
   242 | D        | Found a basalt altar of Yredelemnul.
   242 | D        | Found a shimmering blue altar of Sif Muna.
   242 | D        | Found a glowing golden altar of the Shining One.
   242 | D        | Found Moufur's Do-It-Yourself Clinic.
   243 | D        | Found Moxzag's Distillery.
   243 | D        | Found Vajaq's Bottled Wisdom.
   304 | D        | Reached skill level 5 in Shields
   304 | D        | Reached XP level 6. HP: 44/53 MP: 6/6
   308 | D        | Reached *** piety under Qazlal
   308 | D        | Arena points: 48 (+36) [x3]
   360 | D        | Round 3.
   364 | D        | Noticed a fire elemental
   368 | D        | Killed a fire elemental
   385 | D        | Noticed a fire elemental
   389 | D        | Killed a fire elemental
   390 | D        | Reached XP level 7. HP: 48/62 MP: 7/7
   410 | D        | Noticed a fire bat
   413 | D        | Killed a fire bat
   433 | D        | Noticed a fire bat
   441 | D        | Noticed a fire elemental
   447 | D        | Slain by a fire elemental

Illustrated notes

Levels and vault maps discovered:
D:        arena_sprint

Skill      XL: |  1  2  3  4  5  6  7 |
---------------+----------------------+-----
Armour         | 3 4 5 6 7 |  7.3
Shields        | 3 4 5 6 |  6.1
Fighting       | 5 6 8 |  8.4
Axes           | 3 4 5 7 8 |  8.1
Dodging        | 1 3 |  3.3
Evocations     | 1 2 3 4 |  4.3

Action                     |  1- 3 |  4- 6 |  7- 9 || total
---------------------------+-------+-------+-------++-------
  Melee: War axe           |    17 |    19 |     6 ||    42
         Hand cannon       |       |    18 |     6 ||    24
  Evoke: Wand              |     2 |     7 |     1 ||    10
    Use: Scroll            |       |       |     1 ||     1
 Armour: Scale mail        |     4 |    16 |    15 ||    35
  Dodge: Dodged            |    11 |    16 |     7 ||    34
  Block: Buckler           |     5 |       |       ||     5
         Other             |       |     3 |       ||     3

Table legend: (Time is in decaauts)
 A = Elapsed time spent in this place.
 B = Non-inter-level travel time spent in this place.
 C = Inter-level travel time spent in this place.
 D = Time resting spent in this place.
 E = Time spent auto-exploring this place.
 F = Levels seen in this place.
 G = Mean time per level.
                   A        B        C        D        E       F      G
               +--------+--------+--------+--------+--------+-----+--------+
         Total |    459 |    459 |      0 |    137 |      2 |   1 |  459.0 |
       Dungeon |    459 |    459 |      0 |    137 |      2 |   1 |  459.0 |
               +--------+--------+--------+--------+--------+-----+--------+

Top non-repeatable levels by time:
       D: 459 daAuts
